 Dungeon Crawl Stone Soup version 0.19-a0-1740-g0bcaf2e (webtiles) character file.

176 Amnesiac the Cutter (level 5, 0/35 HPs)
             Began as a Formicid Earth Elementalist on Oct 1, 2016.
             Slain by a hound skeleton (1 damage)
             ... on level 4 of the Dungeon.
             The game lasted 00:07:28 (2334 turns).

Amnesiac the Cutter (Formicid Earth Elementalist)   Turns: 2334, Time: 00:07:29

Health: 0/35       AC:  2    Str: 12    XL:     5   Next: 86%
Magic:  3/8        EV: 12    Int: 15    God:
Gold:   55         SH:  0    Dex: 12    Spells: 3 memorised, 2 levels left

rFire  . . .     SeeInvis +     h - +1 dagger (venom)
rCold  . . .     Gourm    .     c - +0 robe
rNeg   . . .     Faith    .     (no shield)
rPois  .         Spirit   .     (helmet unavailable)
rElec  .         Dismiss  .     (no cloak)
rCorr  .         Reflect  .     (no gloves)
MR     .....     Harm     .     (no boots)
Stlth  ++........               (no amulet)
                                (no ring)
                                (no ring)

@: no status effects
A: permanent stasis, dig shafts and tunnels, four strong arms, antennae 3
a: Dig, Shaft Self


You were on level 4 of the Dungeon.
You were very hungry.

You visited 1 branch of the dungeon, and saw 4 of its levels.

You collected 55 gold pieces.

Inventory:

Hand Weapons
 h - a +1 dagger of venom (weapon)
Missiles
 f - 23 stones (quivered)
Armour
 c - a +0 robe (worn)
 m - a +2 robe of resistance
Jewellery
 s - an uncursed amulet of harm {unknown}
Scrolls
 a - a scroll of enchant weapon
Books
 e - a book of Geomancy

   Spells                             Type                      Level
   a - Sandblast                      Earth                        1
   b - Passwall                       Transmutation/Earth          2
   c - Stone Arrow                    Conjuration/Earth            3
   d - Petrify                        Transmutation/Earth          4
   e - Lee's Rapid Deconstruction     Earth                        5
 n - Jessica's Collected Works on the Oath
   (You found it on level 2 of the Dungeon)

   Spells                             Type                      Level
   a - Slow                           Hexes                        2
Comestibles
 b - 7 chunks of flesh
 d - 3 bread rations
 l - a beef jerky


   Skills:
 - Level 4.4 Short Blades
 - Level 1.7 Dodging
 - Level 2.4 Stealth
 - Level 2.5 Spellcasting
 + Level 1.9 Transmutations
 - Level 4.0 Earth Magic


You had 2 spell levels left.
You knew the following spells:

 Your Spells              Type           Power        Failure   Level  Hunger
e - Petrify               Tmut/Erth      ##......     67%         4    #####..
f - Sandblast             Erth           ##....       4%          1    #......
v - Passwall              Tmut/Erth      ##........   12%         2    ###....


Dungeon Overview and Level Annotations

Branches:
Dungeon (4/15)
 Temple: D:4-7

Altars:
Xom


Innate Abilities, Weirdness & Mutations

You are under a permanent stasis effect.
You can dig through walls and to a lower floor.
Your four strong arms can wield two-handed weapons with a shield.
You have a pair of large antennae on your head. (SInv)


Message History

The crimson imp disappears for a moment.
The crimson imp hits you but does no damage.
Space bends around you.
* * * LOW HITPOINT WARNING * * *
The crimson imp hits you.
* * * LOW HITPOINT WARNING * * *
The ooze quivers.
The crimson imp hits you.
* * * LOW HITPOINT WARNING * * *
The crimson imp hits you.
* * * LOW HITPOINT WARNING * * *
The crimson imp hits you.
* * * LOW HITPOINT WARNING * * *
The crimson imp shouts, "Escape, thou peaked ill-breeding gudgeon!"
The hound skeleton bites you.
* * * LOW HITPOINT WARNING * * *
You float gracefully downwards.
There is a stone staircase leading up here.
The hound skeleton bites you.
You die...

##..................
..[..............# .#
.Z...............##.#
{
'####............##.#
{
....#.."5{{......##.#
_.###.......){..# #.#
....#........J5## #.#
'####.########5####.#
......#
...###.#@...###
#######
#.....Z###...#
#.........##.....#
#.##.?.##.# .#..# #
#...##........#
.....#######...
#.####.# .# . ..# #
###


You could see a hound skeleton.

Vanquished Creatures
  An orc wizard (D:3)
  Jessica (D:2)
  A worker ant (D:4)
  An adder (D:2)
  3 gnolls
  An ooze (D:2)
  2 worms (D:2)
  2 leopard geckos (D:2)
  7 orcs
  6 goblins
  A hobgoblin (D:1)
  4 kobolds
  2 quokkas (D:2)
  A ball python (D:1)
  4 bats
  3 frilled lizards (D:2)
  4 rats
44 creatures vanquished.

Notes
Turn   | Place    | Note
-------+----------+-------------------------------------------
     0 | D:1      | Amnesiac the Formicid Earth Elementalist began the quest for the Orb.
     0 | D:1      | Reached XP level 1. HP: 13/13 MP: 3/3
    56 | D:1      | Reached XP level 2. HP: 19/19 MP: 0/5
    65 | D:1      | Learned a level 2 spell: Passwall
   377 | D:2      | Noticed Jessica
   385 | D:2      | Killed Jessica
   385 | D:2      | Reached XP level 3. HP: 24/24 MP: 0/6
   389 | D:2      | Identified Jessica's Collected Works on the Oath
   695 | D:2      | Reached XP level 4. HP: 30/30 MP: 7/7
   701 | D:2      | Learned a level 4 spell: Petrify
  1701 | D:3      | Reached XP level 5. HP: 24/35 MP: 1/8
  2235 | D:4      | Noticed an ogre
  2307 | D:4      | Found a shimmering altar of Xom.
  2332 | D:4      | HP: 1/35 [hound skeleton (1)]
  2334 | D:4      | Slain by a hound skeleton

Vault maps used:
D:1:      dpeg_arrival_tiny_h, minmay_pentomino_z4
D:2:      first_bread, kennysheep_jessica_study
D:3:      nicolae_tso_swordbearing_angel, grunt_ministairs_6, st_stairs_13,
          grunt_decor_arrowhead, kennysheep_generic_room_15, uniq_iyjb,
          uniq_sigmund, uniq_jessica, uniq_grinder
D:4:      minmay_diamond_boxcup, grunt_decor_resistance,
          hangedman_abyss_or_decor_passed, led_xom_imps

Skill      XL: |  1  2  3  4  5 |
---------------+----------------+-----
Earth Magic    | 4 |  4.0
Short Blades   | 2 3 4 |  4.4
Dodging        | |  1.7
Stealth        | |  2.4
Spellcasting   | |  2.5
Transmutations | |  1.9

Action                   |  1- 3 |  4- 6 || total
-------------------------+-------+-------++-------
Melee: Dagger            |    17 |    62 ||    79
 Cast: Sandblast         |    20 |    30 ||    50
       Passwall          |     7 |     3 ||    10
  Use: Scroll            |       |     5 ||     5
       Potion            |       |     5 ||     5
 Stab: Sleeping          |     5 |     4 ||     9
  Eat: Chunk             |       |     5 ||     5
Armor: Robe              |     5 |    17 ||    22
Dodge: Dodged            |    11 |    87 ||    98
